 Dungeon Crawl Stone Soup version 0.19.1-1-g22dce08 (webtiles) character file.

25 McKennaii the Magician (level 2, -3/17 HPs)
             Began as a High Elf Wizard on Jan 4, 2017.
             Slain by Sigmund
             ... wielding a +1 scythe of freezing
              (13 damage)
             ... on level 2 of the Dungeon.
             The game lasted 00:08:53 (1302 turns).

McKennaii the Magician (High Elf Wizard)            Turns: 1302, Time: 00:08:55

Health: -3/17      AC:  2    Str:  6    XL:     2   Next: 82%
Magic:  4/8        EV: 13    Int: 21    God:
Gold:   78         SH:  0    Dex: 13    Spells: 2 memorised, 6 levels left

rFire  + . .     SeeInvis .     (no weapon)
rCold  x . .     Gourm    .     a - +0 robe
rNeg   . . .     Faith    .     (no shield)
rPois  .         Spirit   .     b - +0 hat
rElec  .         Reflect  .     (no cloak)
rCorr  .         Harm     .     (no gloves)
MR     .....                    (no boots)
Stlth  ++........               (no amulet)
                                (no ring)
                                e - ring of fire

@: lethally poisoned (-3 -> -9)
A: no striking features
a: no special abilities


You were on level 2 of the Dungeon.
You were very hungry.

You visited 1 branch of the dungeon, and saw 2 of its levels.

You collected 78 gold pieces.

Inventory:

Armour
 a - a +0 robe (worn)
 b - a +0 hat (worn)
Jewellery
 e - a ring of fire (left hand)
 n - an uncursed amulet of guardian spirit
Scrolls
 g - 2 scrolls of teleportation {unknown}
 h - 2 scrolls of remove curse {unknown}
 k - a scroll of identify
 l - 2 scrolls of amnesia {unknown}
 m - a scroll of immolation {unknown}
Potions
 i - 2 potions of curing
 j - a potion of berserk rage {unknown}
Books
 c - a book of Minor Magic

   Spells                             Type                      Level
   a - Magic Dart                     Conjuration                  1
   b - Blink                          Translocation                2
   c - Call Imp                       Summoning                    2
   d - Repel Missiles                 Charms/Air                   2
   e - Slow                           Hexes                        2
   f - Conjure Flame                  Conjuration/Fire             3
   g - Mephitic Cloud                 Conjuration/Poison/Air       3
Comestibles
 d - 2 bread rations
 f - 2 meat rations


   Skills:
 + Level 2.6 Dodging
 + Level 2.2 Stealth
 + Level 0.1 Unarmed Combat
 + Level 4.3 Spellcasting
 + Level 1.2 Conjurations
 + Level 0.8 Summonings
   Level 1.1 Translocations


You had 6 spell levels left.
You knew the following spells:

 Your Spells              Type           Power        Failure   Level  Hunger
a - Magic Dart            Conj           #...         10%         1    None
b - Call Imp              Summ           #.......     14%         2    #......


Dungeon Overview and Level Annotations

Branches:
Dungeon (2/15)

Altars:
The Shining One

Annotations:
D:2 Sigmund


Message History

Casting: Magic Dart
Confirm with . or Enter, or press ? or * to list all spells.
Aiming: Magic Dart
Press: ? - help, Shift-Dir - straight line, f/p - adder
Aim: an adder (moderately wounded)
The magic dart hits the adder.
The adder is severely wounded.
The adder bites you.
Casting: Magic Dart
Confirm with . or Enter, or press ? or * to list all spells.
Aiming: Magic Dart
Press: ? - help, Shift-Dir - straight line, f/p - adder
Aim: an adder (severely wounded)
The magic dart hits the adder.
The adder is almost dead.
The adder bites you.
You are poisoned.
The adder poisons you! Something hits you!
Ouch! That really hurt!
You die...

... #..# #.###
#.# #######..#
#.# ..#
.........# #.#
######.## #.# #.#
#.# #.# #.#
..#############.#
#.###
..).....†.......#
#....
#..S@>....##
##### #.#######.#
#.# #.# #######
#.# #.# #......
#.# #.# #.#####
#.# #.# #..# #.#
#.# ##'## ..#
#.####♣...♣# ###
#...##.....#


You could see an adder.

Vanquished Creatures
  A dart slug (D:2)
  3 giant cockroaches
  4 goblins
  2 hobgoblins (D:1)
  3 kobolds (D:1)
  A ball python (D:1)
  A bat (D:1)
  2 frilled lizards
  4 rats
21 creatures vanquished.

Vanquished Creatures (collateral kills)
  A hobgoblin (D:1)
1 creature vanquished.

Grand Total: 22 creatures vanquished

Notes
Turn   | Place    | Note
-------+----------+-------------------------------------------
     0 | D:1      | McKennaii the High Elf Wizard began the quest for the Orb.
     0 | D:1      | Reached XP level 1. HP: 11/11 MP: 6/6
   267 | D:1      | Reached skill level 4 in Spellcasting
   323 | D:1      | Reached XP level 2. HP: 8/17 MP: 0/8
   332 | D:1      | Learned a level 2 spell: Call Imp
  1183 | D:2      | Found a glowing golden altar of the Shining One.
  1294 | D:2      | Noticed Sigmund
  1302 | D:2      | Slain by Sigmund

Skill      XL: |  1 |
---------------+----+-----
Spellcasting   | 4 |  4.3
Dodging        | |  2.6
Stealth        | |  2.2
Unarmed Combat | |  0.1
Conjurations   | |  1.2
Summonings     | |  0.8
Translocations | |  1.1

Action                   || total
-------------------------++-------
Melee: Unarmed           ||     8
 Cast: Magic Dart        ||    59
       Call Imp          ||     1
  Use: Scroll            ||     2
       Potion            ||     1
Armor: Robe              ||     5
Dodge: Dodged            ||    20
